Cogmind - Beta 15 @@@ ROGUE MODE // 2025.05.24 @ 23:46:29 Player: Moddy Result: Destroyed by G-47 Trooper with Particle Gun Performance ------------- Evolutions (2) 1000 Regions Visited (4) 800 Robots Destroyed (17) 85 Value Destroyed (377) 377 Prototype IDs (1) 20 Alien Tech Used (0) 0 Bonus (0) 0 TOTAL SCORE: 2282 Bonus ------- None Cogmind --------- Core Integrity 0/550 Matter 273/300 Energy 32/100 System Corruption 0% Temperature Cool (9) Movement Core (2000) Ox39 Location -8/Materials Parts ------- > --- POWER (1) -------- (None) > --- PROPULSION (4) --- (None) > --- UTILITY (4) ------ High-capacity Storage Unit Huge Storage Unit Targeting Computer > --- WEAPON (2) ------- (None) > --- INVENTORY (25) --- Improved Ion Engine Improved Ion Engine Light Treads Light Treads Cooling System Large Battery (200) Medium Matter Pod (33) High-capacity Matter Pod (0) Trap Scanner Visual Processing Unit Advanced Visual Processing Unit Salvage Targeting Computer Improved Shield Generator Improved Shield Generator Field Recycling Unit (0) Sensor Drone Bay (17/20) Gatling Laser Assault Rifle Peak State ------------ > --- POWER ------------ Nuclear Core > --- PROPULSION ------- Aluminum Leg Aluminum Leg Aluminum Leg VSS Leg > --- UTILITY ---------- High-capacity Storage Unit Huge Storage Unit Targeting Computer Sensor Drone Bay > --- WEAPON ----------- Gatling Laser Gatling Laser > --- INVENTORY -------- Improved Ion Engine Improved Ion Engine Light Treads Light Treads Aluminum Leg Aluminum Leg Armored Wheel Armored Wheel Cooling System Large Battery Medium Matter Pod High-capacity Matter Pod Trap Scanner Visual Processing Unit Advanced Visual Processing Unit Salvage Targeting Computer Improved Shield Generator Improved Shield Generator Improved Shield Generator Field Recycling Unit Gatling Laser Gatling Laser Assault Rifle [Rating: 33] Favorites ----------- Power Improved Ion Engine Engine Improved Ion Engine Power Core Light Nuclear Core Propulsion Aluminum Leg Leg Aluminum Leg Wheel Armored Wheel Utility High-capacity Storage Unit Device Sensor Drone Bay Storage High-capacity Storage Unit Processor Targeting Computer Weapon Assault Rifle Energy Gun Gatling Laser Ballistic Gun Assault Rifle Ballistic Cannon Light Cannon Build | -11 -10 -9 -9 -8 ------- Run | Yrd Mat Mat Min Mat Slots Evolved 4 | . . 2 . 2 Power . | . . . . . Propulsion 2 | . . 2 . . Utility 2 | . . . . 2 Weapon . | . . . . . Parts Attached 28 | 6 6 7 . 9 Power 5 | 1 1 2 . 1 Engine 3 | 1 . 2 . . Core 2 | . 1 . . 1 Reactor . | . . . . . Propulsion 9 | 2 2 4 . 1 Treads . | . . . . . Leg 7 | 2 . 4 . 1 Wheel 2 | . 2 . . . Hover . | . . . . . Flight . | . . . . . Utility 7 | 1 2 . . 4 Device 2 | . . . . 2 Storage 4 | 1 2 . . 1 Processor 1 | . . . . 1 Hackware . | . . . . . Protection . | . . . . . Artifact . | . . . . . Weapon 7 | 2 1 1 . 3 Energy Gun 3 | . . . . 3 Energy Cannon . | . . . . . Ballistic Gun 3 | 2 . 1 . . Ballistic Cannon 1 | . 1 . . . Launcher . | . . . . . Special Weapon . | . . . . . Impact Weapon . | . . . . . Slashing Weapon . | . . . . . Piercing Weapon . | . . . . . Special Melee Weapon . | . . . . . Unidentified Prototypes 1 | . . . . 1 Parts Lost 15 | . . 3 . 12 Power 3 | . . 2 . 1 Propulsion 5 | . . . . 5 Utility 1 | . . . . 1 Weapon 6 | . . 1 . 5 Highest Loss Streak 9 | . . 2 . 9 To Critical Strikes . | . . . . . Average Backups 16 | 2 9 16 16 20 Power 2 | . 1 3 2 2 Propulsion 5 | 1 6 6 6 5 Utility 6 | . . 5 7 10 Weapon 1 | . 1 1 1 2 Tool/Special . | . . . . . Unused Backups 14 | . . 1 . 13 Power 1 | . . . . 1 Propulsion 2 | . . . . 2 Utility 9 | . . . . 9 Weapon 2 | . . 1 . 1 Tool/Special . | . . . . . Average Slot Usage (%) 98 | . 98 98 100 94 Engine 6 | . 6 1 11 4 Core 4 | . 7 8 . 3 Leg 33 | . . 43 44 32 Wheel 4 | . 27 . . . Device 2 | . . . . 8 Storage 21 | . 26 22 22 18 Processor 2 | . . . . 8 Energy Gun 1 | . . . . 6 Ballistic Gun 16 | . 16 12 22 10 Ballistic Cannon 4 | . 12 9 . . Peak Build Rating 33 | 6 12 14 14 33 Average Rating 15 | 4 10 13 13 25 On Entrance 9 | . 6 12 13 14 Naked Turns . | . . . . . Heaviest Build 149 | 14 130 132 132 149 Greatest Support 42 | 20 24 40 40 42 Greatest Overweight (x) 42 | 1 5 3 3 42 Average Overweight (x) 2 | . 3 3 3 3 Largest Inventory Capacity 25 | 8 25 25 25 25 Average Capacity 23 | 7 21 25 25 25 Most Carried 25 | 4 15 18 18 25 Average Carried 16 | 2 9 16 16 20 Final Capacity 25 | 8 25 25 25 25 Final Carried 18 | 4 15 15 18 18 Class Distribution -------------------- 100% | Mutant Dominant Class ---------------- Mutant | -10/Materials Mutant | -9/Materials Mutant | -9/Mines Mutant | -8/Materials Resources | -11 -10 -9 -9 -8 ----------- Run | Yrd Mat Mat Min Mat Matter Collected 758 | 193 181 161 165 58 Remotely . | . . . . . Salvage Created 528 | 35 84 174 39 196 Parts 30 | 4 4 15 . 7 Haulers Intercepted . | . . . . . Recyclers Shooed . | . . . . . Parts Field Recycled . | . . . . . Retrieved Matter . | . . . . . Parts Self-Destructed . | . . . . . Prevented . | . . . . . Kills | -11 -10 -9 -9 -8 ------- Run | Yrd Mat Mat Min Mat Combat Hostiles Destroyed 12 | . 2 5 2 3 Guns 10 | . 1 4 2 3 Cannons 2 | . 1 1 . . Classes Destroyed 6 | 1 1 3 . 1 Tunneler 2 | 2 . . . . Recycler 1 | . . 1 . . Watcher 2 | . . 1 . 1 Swarmer 5 | . . 3 2 . Grunt 6 | . 2 2 . 2 Brawler 1 | . . . . 1 Best Kill Streak 3 | 2 1 3 2 3 Combat Bots Only 3 | . 1 2 2 3 Max Kills in Single Turn 1 | 1 1 1 1 1 Gunslinging . | . . . . . Exploded . | . . . . . Melee . | . . . . . Uniques/NPCs Destroyed . | . . . . . Combat | -11 -10 -9 -9 -8 -------- Run | Yrd Mat Mat Min Mat Hostile Shots Fired 278 | . 11 94 23 150 Missed 64 | . 3 15 6 40 Hits 214 | . 8 79 17 110 Melee 13 | . . . . 13 Projectile 201 | . 8 79 17 97 Critical Strikes 5 | . . . . 5 Damage Taken 2794 | . 87 663 123 1921 Core 694 | . 10 110 21 553 Absorbed by Shields 17 | . . . . 17 Core Remaining (%) 87 | 100 96 . 67 . Volleys Fired 63 | 3 8 28 6 18 Largest 2 | 2 2 2 2 2 Hottest 160 | 40 50 53 43 160 Shots Fired 108 | 6 16 45 12 29 Gun 83 | 6 8 28 12 29 Cannon 25 | . 8 17 . . Launcher . | . . . . . Special . | . . . . . Kinetic 94 | 6 16 45 12 15 Thermal 14 | . . . . 14 Explosive . | . . . . . Electromagnetic . | . . . . . Robot Hit Streak 17 | 3 9 3 2 17 Robot Miss Streak 8 | 1 2 8 4 3 Penetration Max . | . . . . . Secondary Targets . | . . . . . Shots Hit Robots 54 | 3 9 13 5 24 Core Hits 28 | 2 3 8 2 13 Critical Kills . | . . . . . Critical Parts Destroyed . | . . . . . Critical Strikes . | . . . . . Melee Attacks . | . . . . . Impact . | . . . . . Slashing . | . . . . . Piercing . | . . . . . Sneak Attacks . | . . . . . Combat Hostiles . | . . . . . Follow-up Attacks . | . . . . . Damage Inflicted 930 | 40 137 242 69 442 Guns 786 | 40 84 151 69 442 Cannons 144 | . 53 91 . . Explosions . | . . . . . Melee . | . . . . . Ramming . | . . . . . Kinetic 645 | 40 137 242 69 157 Thermal 285 | . . . . 285 Explosive . | . . . . . Electromagnetic . | . . . . . Impact . | . . . . . Slashing . | . . . . . Piercing . | . . . . . Highest Corruption . | . . . . . Average Corruption . | . . . . . Corruption Purged . | . . . . . Corruption Blocked . | . . . . . Overload Shots . | . . . . . Overflow Damage . | . . . . . Projectiles . | . . . . . Explosions . | . . . . . Melee . | . . . . . Knockbacks 2 | . 1 1 . . Impact . | . . . . . Kinetic 2 | . 1 1 . . Secondary . | . . . . . Self-Inflicted Damage . | . . . . . Shots . | . . . . . Rammed . | . . . . . Targets Rammed . | . . . . . Kicked . | . . . . . Crushed . | . . . . . Highest Temperature 228 | . 8 2 . 228 Average Temperature 73 | . 3 2 . 88 Received Heat Transfer 795 | . 48 60 . 687 Siege Activations . | . . . . . Martial Activations . | . . . . . Shielding Activations . | . . . . . Robots Disrupted . | . . . . . Combat Hostiles . | . . . . . Robots Corrupted . | . . . . . Combat Hostiles . | . . . . . Parts Fried . | . . . . . Impact Corruptions . | . . . . . Robots Melted . | . . . . . Combat Hostiles . | . . . . . Parts Melted . | . . . . . Heat Transferred 650 | . . . . 650 Parts Sabotaged . | . . . . . Parts Stolen . | . . . . . Parts Stripped . | . . . . . Power Chain Reactions . | . . . . . Alert | -11 -10 -9 -9 -8 ------- Run | Yrd Mat Mat Min Mat Maximum Alert Level . | . . . . . Low Security (%) 100 | 100 100 100 100 100 Level 1 . | . . . . . Level 2 . | . . . . . Level 3 . | . . . . . Level 4 . | . . . . . Level 5 . | . . . . . High Security . | . . . . . Max Security . | . . . . . Peak Influence 69 | 10 65 69 44 47 Initial 14 | . . . 14 . Average 7 | 1 11 13 4 6 Influence Increases 413 | 10 111 147 65 80 Destroy 0b10 Robot/C 240 | . 40 100 40 60 Destroy 0b10 Robot/NC 25 | 10 . 10 . 5 Destroy Leader 64 | . 20 22 10 12 Allied During Kill 3 | . . . . 3 Trap Triggered on 0b10 10 | . 10 . . . Successful Hack 26 | . 26 . . . Lose Combat Pursuer 45 | . 15 15 15 . Influence Decreases 413 | 10 111 110 102 80 Entered New Map 23 | . . . 23 . Time Decay 350 | 10 111 80 79 70 Lost Part 40 | . . 30 . 10 Squads Dispatched 3 | . 2 1 . . Investigation 1 | . 1 . . . Extermination . | . . . . . Reinforcement 2 | . 1 1 . . Assault . | . . . . . Garrison . | . . . . . Intercept . | . . . . . Searches Triggered . | . . . . . Construction Impeded . | . . . . . Haulers Reinforced . | . . . . . Active Scanning Responses . | . . . . . Cargo Convoy Interrupts . | . . . . . Stealth | -11 -10 -9 -9 -8 --------- Run | Yrd Mat Mat Min Mat Distress Signals 3 | . 1 1 . 1 Communications Jammed . | . . . . . Distress Signals . | . . . . . Times Spotted 39 | . 5 10 8 16 Peak Tracking Total 8 | . 3 5 3 8 Tactical Retreats 3 | . 1 1 1 . Traps | -11 -10 -9 -9 -8 ------- Run | Yrd Mat Mat Min Mat Traps Triggered . | . . . . . Indirectly . | . . . . . Trap Hack Attempts . | . . . . . Triggered . | . . . . . Disarmed . | . . . . . Reprogrammed 6 | . 6 . . . Reused 1 | . 1 . . . Traps Extracted . | . . . . . Installed . | . . . . . Triggered 1 | . 1 . . . Machines | -11 -10 -9 -9 -8 ---------- Run | Yrd Mat Mat Min Mat Machines Disabled . | . . . . . Max in Single Turn . | . . . . . Machines Repaired . | . . . . . Machines Dismantled . | . . . . . Machines Sabotaged . | . . . . . Overloaded Fab Kills . | . . . . . Hacking | -11 -10 -9 -9 -8 --------- Run | Yrd Mat Mat Min Mat Machines Accessed 7 | . 4 1 1 1 Terminals 5 | . 3 1 . 1 Fabricators . | . . . . . Repair Stations . | . . . . . Recycling Units 1 | . 1 . . . Scanalyzers . | . . . . . Garrison Access . | . . . . . Total Hacks 18 | . 14 2 1 1 Successful 11 | . 9 1 1 . Failed 7 | . 5 1 . 1 Catastrophic 2 | . 1 1 . . Database Lockouts . | . . . . . Manual . | . . . . . Terminals 14 | . 11 2 . 1 Fabricators . | . . . . . Repair Stations . | . . . . . Recycling Units 3 | . 3 . . . Scanalyzers . | . . . . . Garrison Access . | . . . . . Terminal Hacks 9 | . 7 1 1 . Record 1 | . . 1 . . Open Door 1 | . . . 1 . Branch Access Points 1 | . 1 . . . Recycling Unit Index 1 | . 1 . . . Locate Traps 1 | . 1 . . . Reprogram Traps 1 | . 1 . . . Surveillance Status 1 | . 1 . . . Hauler Manifests 1 | . 1 . . . Zone Layout 1 | . 1 . . . Fabricator Hacks . | . . . . . Repair Station Hacks . | . . . . . Recycling Unit Hacks 2 | . 2 . . . Report Inventory 1 | . 1 . . . Retrieve Components 1 | . 1 . . . Scanalyzer . | . . . . . Garrison Access Hacks . | . . . . . Unauthorized Hacks . | . . . . . Terminals . | . . . . . Fabricators . | . . . . . Repair Stations . | . . . . . Recycling Units . | . . . . . Scanalyzers . | . . . . . Garrison Access . | . . . . . Data Cores Recovered . | . . . . . Used . | . . . . . Hacking Detections 5 | . 3 1 . 1 Full Trace Events 1 | . . 1 . . Feedback Events . | . . . . . Feedback Blocked . | . . . . . Robot Schematics Acquired . | . . . . . Robots Built . | . . . . . Authchips . | . . . . . Time . | . . . . . Total Robot Build Rating . | . . . . . Part Schematics Acquired . | . . . . . Parts Built . | . . . . . Authchips . | . . . . . Time . | . . . . . Total Part Build Rating . | . . . . . Parts Repaired . | . . . . . Time . | . . . . . Parts Recycled . | . . . . . Recycled Matter . | . . . . . Retrieved Matter . | . . . . . Retrieved Components 2 | . 2 . . . Parts Scanalyzed . | . . . . . Part Schematics Acquired . | . . . . . Parts Damaged . | . . . . . Bothacking | -11 -10 -9 -9 -8 ------------ Run | Yrd Mat Mat Min Mat Used RIF Installer . | . . . . . Robots Hacked . | . . . . . Non-combat . | . . . . . Combat . | . . . . . Robot Hacks Applied . | . . . . . Relay Couplers Released . | . . . . . Fabnet Peak Effective % . | . . . . . Robots Rewired . | . . . . . Allies Hacked . | . . . . . Hacks Repelled . | . . . . . Allies | -11 -10 -9 -9 -8 -------- Run | Yrd Mat Mat Min Mat Total Allies . | . . . . . Largest Group . | . . . . . Highest-Rated Group . | . . . . . Highest-Rated Ally . | . . . . . Total Orders . | . . . . . Ally Attacks . | . . . . . Total Damage . | . . . . . Kills . | . . . . . Allies Corrupted 1 | . . . . 1 Allies Melted . | . . . . . Intel | -11 -10 -9 -9 -8 ------- Run | Yrd Mat Mat Min Mat Active Infowar (turns) . | . . . . . Robot Analysis Total . | . . . . . Derelict Logs Recovered 2 | . . . 2 . Drone Launches 20 | . . . . 20 Drone Recoveries 17 | . . . . 17 Exploration | -11 -10 -9 -9 -8 ------------- Run | Yrd Mat Mat Min Mat Turns Passed 2882 | 80 479 589 1076 658 Spaces Moved 942 | 49 313 151 264 165 Core 10 | 9 . . . 1 Treads . | . . . . . Legs 624 | 40 5 151 264 164 Wheels 308 | . 308 . . . Hover . | . . . . . Flight . | . . . . . Fastest Speed 50 | 50 90 330 330 330 Average Speed 259 | 114 136 330 330 358 Slowest Speed 2150 | 120 165 330 330 2150 Overloaded Moves . | . . . . . Propulsion Burnouts . | . . . . . Robots Hopped . | . . . . . Potential Cave-ins . | . . . . . Cave-ins Triggered . | . . . . . Exploration Rate (%) 26 | 3 49 17 48 16 Regions Visited 4 Branch Regions 1 Pre-discovered Areas . | . . . . . Known Exits Taken . | . . . . . Unknown Exits Taken 4 | 1 1 1 1 . Scrap Searched 1 | . . . 1 . Spaces Dug . | . . . . . Terrain Destroyed . | . . . . . Melee . | . . . . . Projectile . | . . . . . AOE . | . . . . . Terrain Rammed . | . . . . . Walls Destroyed . | . . . . . Machines Disabled . | . . . . . Actions | -11 -10 -9 -9 -8 --------- Run | Yrd Mat Mat Min Mat Total 1285 | 67 348 199 459 212 Wait 198 | . 8 . 187 3 Move 938 | 48 312 150 263 165 Hop . | . . . . . Pick Up 45 | 10 13 8 3 11 Fast Attach . | . . . . . Attach 20 | 6 1 7 . 6 Detach . | . . . . . Swap 12 | . 5 3 . 4 Drop 9 | . 1 3 . 5 Fire 63 | 3 8 28 6 18 Melee . | . . . . . Ram . | . . . . . Kick . | . . . . . Crush . | . . . . . Escape Stasis . | . . . . . Rewire . | . . . . . Trap . | . . . . . Miscellaneous . | . . . . . Route ------- -11/Scrapyard -10/Materials (discovered 4 exits: *Mat x2 / Min x2) -9/Materials -9/Mines -8/Materials History --------- Turn | Location | Event 20 | -11/Scrapyard | Discovered new exit (range 16) 81 | -11/Scrapyard | Entered Materials 82 | -10/Materials | Met a group of wandering Federalists 156 | -10/Materials | Identified exit to Mines 190 | -10/Materials | Discovered new exit (range 15) 312 | -10/Materials | Build established: Mutant 544 | -10/Materials | Discovered new exit (range 5) 560 | -10/Materials | Entered another Materials area 560 | -9/Materials | Evolved 2 slots: Propulsion x2 1116 | -9/Materials | Discovered new exit (range 8) 1149 | -9/Materials | Entered Mines 1159 | -9/Mines | Joined a pair of Derelicts in attacking an 0b10 outpost 1182 | -9/Mines | Learned Materials garrison access intel 1341 | -9/Mines | Found the Drone Emporium 1356 | -9/Mines | Found Prototype Device 1404 | -9/Mines | Learned 8 Materials zone layouts 2132 | -9/Mines | Discovered new exit (range 15) 2225 | -9/Mines | Entered Materials 2225 | -8/Materials | Evolved 2 slots: Utility x2 2225 | -8/Materials | Identified Sensor Drone Bay 2227 | -8/Materials | Loaded intel: 1 garrison access location 2660 | -8/Materials | Lost 3 parts (1n2w) 2859 | -8/Materials | Core integrity fell below 50% 2878 | -8/Materials | Core integrity fell below 20% 2883 | -8/Materials | Destroyed by G-47 Trooper with Particle Gun Last Messages --------------- Penetrated by Slug. R-06 Scavenger collects Structural Scanner. R-06 Scavenger collects Terrain Scan Processor. Gatling Laser destroyed. Penetrated by Slug. R-06 Scavenger collects Terrain Scanner. R-06 Scavenger collects Med. Matter Pod. R-06 Scavenger collects Wheel. Gatling Laser destroyed. R-06 Scavenger collects Wheel. Imp. Shield Generator destroyed. M-13 Machinist repairs R-06 Scavenger. L-31 Rogue destroyed. Slug penetrates M-13 Machinist. M-13 Machinist destroyed. R-06 Scavenger destroyed. Critical hit (Burn: +37). R-06 Scavenger collects Wheel. U-05 Engineer builds a Door. R-06 Scavenger collects Machine Analyzer. Map ----- +----------------------------------------------------+ | " """ # # ## ### ###### ?????? | | " """ # # ## #?###????# ?????? | | # # ## #????????# ?????? | | # # ## #????????# ?????? | | # # """ ## #????????#########?????? | | # # """ ## #??????????????????????? | | ####### # """ ## #??????????????????????? | | ??????# # ## #??????????????????????? | | ??????# ########### #??????????????????????? | | ??????# #?????????# #??????????????????????? | | ??????#######?????????# #??????????????????????? | | ???????????????######## ########???#######?????? | | ???????????????# [# # #???# ?????? | | ???????????????#""" # # """ #???# "" ?????? | | ????????########""" + + """ #???# """?????? | | ????????# #""" # # """ #???# S"?????? | | ????????# #""" # # #???# ?????? | | ????????# """ # # %# #???# ?????? | | ######??# """ ######### ###############+### #? | | #??# """ #???????# % ! ^ | | ???????????????????????# ] | | ????????????????#??#???#%g%g = | | ????????????????? ?#???#g gg %= ########## ## | | ?????????????????# #???# %r="" ########## ## | | ?????????????????# ##### % """" # # ## | | ?????????????????#a r%@ """" # # ## | | ?????????????????# h = """ + # ## | | ??????????????#### r # # ## | | ?????????? + u % ########## ## | | ??????????? ### ######+##### #???????# # | | ??????????????# ?## ! # ######### | | ??????????????# ??## """ # | | ??????????????# ?## "T """ # | | ???????######## ## """ """ # # | | ?????? / % "" ## ################# | | ?????? # % ## #???????######??? | | ?????? # % !## #???????# #??? | | ?????? / [ ## #?#####?# #??? | | ??????? ########+####/######## ### ### #??? | | ????????????????# ? ## " + #??? | | ????????????????#?? ## ########+### ### #??? | | ??????????????????? ## #???# ## ##?# #??? | | ??????????????????? ## #???# ## #### #??? | | ??????????????????? ## #???# """ ## + #??? | | ??????????????????? ## #???# """ ## #######?? | | #?# #??#" ## #???# """ ## ###?????? | | ### #??#" ## #???# ## ?????? | | # #??# ## #???################?????? | | + #??####### ##?????????????????#?????? | | # #???# #######?????????????????? | +----------------------------------------------------+ Best States ------------- Heat Dissipation 31 Energy Generation 14 Energy Capacity 265 Matter Stores 300 Matter Capacity 300 Sight Range 16 Terrain Scan Density 10 Evasion (%) 55 Targeting Accuracy 5 Item Schematics ----------------- None Robot Schematics ------------------ None Fabricated ------------ Nothing Repaired ---------- Nothing Alien Tech Used ----------------- None Achievements -------------- Release The Drones! Challenges ------------ None Game ------ Seed WaveNavigationLog Manual? 0 Play Time 00:17:15 Cumulative 6.5 hours Start 2025.05.24 @ 23:30:34 End 2025.05.24 @ 23:46:29 Sessions 1 Manual Loads 0 Difficulty Rogue Special Mode None Game No. 17 Rogue 17 Adventurer 0 Explorer 0 Win Type - Total 0 Types 0/0/0/0/0/0/0/0/0/0 Lore% 8 Gallery% 17 Achievement% 13 Wizard Run 0 Options --------- Layout 1 ASCII 0 Keyboard 0 Movement Mouse Keybinds 0 Fullscreen 1 Font 32/Tamsyn Map View 25x20 Zoom Use 94% Tactical HUD 0 Map Filters NONE Filters NONE Steam 1 RUN: 6c9d9f26-1301-445e-8033-d6b081befdf6